 Dungeon Crawl Stone Soup version 0.29.1-12-g30fa7ad0bf (webtiles) character file.

Game seed: 10520781615892029886

56 DildoBatman the Conjurer (level 4, -3/32 HPs)
             Began as a Formicid Conjurer on Dec 17, 2022.
             Slain by an iguana (6 damage)
             ... on level 4 of the Dungeon.
             The game lasted 00:02:50 (1246 turns).

DildoBatman the Conjurer (Formicid Conjurer)        Turns: 1246, Time: 00:02:50

Health: -3/32      AC:  3    Str: 12    XL:     4   Next: 17%
Magic:  8/8        EV: 12    Int: 19    God:
Gold:   26         SH:  0    Dex: 18    Spells: 5/8 levels left

rFire   . . .      SeeInvis +   k - +0 sling
rCold   . . .      Faith    .   (no shield)
rNeg    . . .      Spirit   .   a - +0 robe
rPois   .          Reflect  .   (helmet unavailable)
rElec   .          Harm     .   (no cloak)
rCorr   .          Rampage  .   o - +0 pair of gloves
Will    .....                   (no boots)
Stlth   ++........              (no amulet)
HPRegen 0.10/turn               c - +6 ring of dexterity
MPRegen 0.11/turn               (no ring)

@: no status effects
A: permanent stasis, dig shafts and tunnels, antennae 3, four strong arms
a: Dig, Shaft Self


You were on level 4 of the Dungeon.
You visited 1 branch of the dungeon, and saw 3 of its levels.

You collected 26 gold pieces.

Inventory:

Hand Weapons
 e - a +0 club
 k - a +0 sling (weapon)
 l - a +0 lajatang
Missiles
 i - 9 stones
Armour
 a - a +0 robe (worn)
 o - a +0 pair of gloves (worn)
Jewellery
 c - a +6 ring of dexterity (left hand)
 p - a +6 ring of intelligence
Scrolls
 d - a scroll of teleportation {unknown}
 f - a scroll of immolation {unknown}
 g - a scroll of enchant armour {unknown}
 h - 3 scrolls of identify {unknown}
 m - a scroll of vulnerability {unknown}
 n - a scroll of amnesia {unknown}
Potions
 b - a potion of magic
 j - a potion of cancellation {unknown}


   Skills:
 * Level 1.5 Fighting
 * Level 1.6 Armour
 - Level 2.0 Dodging
 - Level 2.4 Stealth
 * Level 2.8 Spellcasting
 * Level 3.9 Conjurations


You had 5 spell levels left.
You knew the following spells:

 Your Spells              Type           Power      Damage    Failure   Level
a - Searing Ray           Conj           34%        2d5       4%          2
c - Magic Dart            Conj           68%        1d6       3%          1

Your spell library contained the following spells:

 Spells                   Type           Power      Damage    Failure   Level
 Dazzling Flash           Conj/Hex       20%        N/A       21%         3
 Fulminant Prism          Conj/Hex       5%         3d7       56%         4
 Iskenderun's Mystic Bla  Conj/Tloc      10%        2d4       56%         4


Dungeon Overview and Level Annotations

Branches:
Dungeon (2/15)

Altars:


Innate Abilities, Weirdness & Mutations

You cannot be hasted, slowed, berserked, paralysed or teleported.
You can dig through walls and to a lower floor.
You have a pair of large antennae on your head. (SInv)
Your four strong arms can wield two-handed weapons with a shield.


Message History

Anything else - Cancel.
You shout for attention!
The iguana bites you. The phantom hits you. What are your orders? t - Shout!
Orders for allies: a - Attack new target. r - Retreat! s - Stop attacking. g - Guard the area. f - Follow me.
Anything else - Cancel.
You shout for attention!
The iguana barely misses you. The phantom completely misses you.
What are your orders? t - Shout!
Orders for allies: a - Attack new target. r - Retreat! s - Stop attacking. g - Guard the area. f - Follow me.
Anything else - Cancel.
You shout for attention!
The iguana barely misses you. The phantom barely misses you.
What are your orders? t - Shout!
Orders for allies: a - Attack new target. r - Retreat! s - Stop attacking. g - Guard the area. f - Follow me.
Anything else - Cancel.
You shout for attention!
The iguana bites you! The phantom hits you. What are your orders? t - Shout!
Orders for allies: a - Attack new target. r - Retreat! s - Stop attacking. g - Guard the area. f - Follow me.
Anything else - Cancel.
You shout for attention!
The iguana bites you.
You die...

{ .
...########
..........#
......W@..#
......l...#
...#####.##
. #.# #..
####


You could see a phantom and an iguana.

Vanquished Creatures
  2 adders (D:2)
  A worm (D:2)
  A dart slug (D:1)
  2 endoplasms
  2 giant cockroaches (D:1)
  A goblin (D:1)
  6 hobgoblins (D:1)
  8 ball pythons
  3 bats (D:1)
  2 frilled lizards (D:1)
  5 rats (D:1)
33 creatures vanquished.

Notes
Turn   | Place    | Note
-------+----------+-------------------------------------------
     0 | D:1      | DildoBatman the Formicid Conjurer began the quest for the
                  | Orb.
     0 | D:1      | Reached XP level 1. HP: 13/13 MP: 3/3
   181 | D:1      | Reached XP level 2. HP: 20/20 MP: 3/5
   184 | D:1      | Learned a level 2 spell: Searing Ray
   490 | D:1      | Reached skill level 1 in Armour
   516 | D:1      | Reached skill level 1 in Fighting
   516 | D:1      | Reached XP level 3. HP: 15/26 MP: 2/6
  1177 | D:2      | Reached XP level 4. HP: 32/32 MP: 1/8
  1217 | D:2      | You fall into a shaft and drop 2 floors!
  1223 | D:4      | Noticed a phantom
  1246 | D:4      | Slain by an iguana

Illustrated notes

Levels and vault maps discovered:
D:1:      lightli_molten_gateway, layout_basic, hex_intersection
D:2:      layout_basic
D:4:      layout_loops_cross, temple_hall, gammafunk_ghost_nasty_kobolds,
          minmay_fire_ice_demons

Skill      XL: |  1  2 |
---------------+-------+-----
Dodging        | 2 |  2.0
Armour         | 1 |  1.6
Fighting       | 1 |  1.5
Stealth        | |  2.4
Spellcasting   | |  2.8
Conjurations   | |  3.9

Action                   |  1- 3 |  4- 6 || total
-------------------------+-------+-------++-------
Melee: Club              |    19 |       ||    19
 Fire: Sling             |    21 |       ||    21
 Cast: Magic Dart        |    27 |       ||    27
       Searing Ray       |     7 |       ||     7
 Abil: Shaft Self        |       |     1 ||     1
Armor: Robe              |    15 |     2 ||    17
Dodge: Dodged            |    33 |    14 ||    47
